 Dungeon Crawl Stone Soup version bcrawl-1.37.2 (webtiles) character file.

Game seed: 15235250566772123304

9553319 ThisWasInevitable the Martial Artist (level 19, -6/175 HPs)
             Began as an Octopode Transmuter on Oct 26, 2022.
             Was the Champion of Cheibriados.
             Killed by Lee's Rapid Deconstruction
             ... invoked by a deep troll earth mage
              (33 damage)
             ... on level 1 of the Depths.
             The game lasted 01:44:26 (29788 turns).

ThisWasInevitable the Martial Artist (OpTm)        Turns: 29788, Time: 01:44:27

Health: -6/175     AC: 30    Str: 25    XL:     19   Next: 15%
Magic:  27/33      EV: 28    Int: 39    God:    Cheibriados [******]
Gold:   2137       SH: 11    Dex: 28    Spells: 19/38 levels left

rFire    + . .     GDR:     43%   - Stone tentacles (39.3)
rCold    + . .     SeeInvis .   K - +2 buckler
rNeg     + . .     Gourm    .   U - +0 hat
rPois    ∞         Faith    .   E - scarf {clouds}
rElec    +         Spirit   .   N - amulet of magic regeneration
rCorr    +         Reflect  .   O - +1 ring of protection
MR       +....     Clarity  +   v - ring of protection from cold
Stlth    ++++......             g - ring of resist corrosion
HPRegen  0.39/turn              c - ring of protection from fire
MPRegen  0.63/turn              (no ring)
                                (no ring)
                                (no ring)
                                (no ring)

@: statue-form, drained, very slow
A: almost no armour, stealthy swim, resist paralysis, amphibious, 8 rings,
constrict 8, beak, camouflage 1, clever 1, screaming 1
}: 1/15 runes: gossamer
a: End Transformation, Bend Time, Defer, Temporal Distortion, Step From Time,
Renounce Religion, Evoke Fog


You were on level 1 of the Depths.
You worshipped Cheibriados.
Cheibriados was exalted by your worship.
You were hungry.
You were a stone statue.
You visited 6 branches of the dungeon, and saw 26 of its levels.
You also visited: Bailey and Ice Cave.

You collected 4155 gold pieces.
You spent 2018 gold pieces at shops.

Inventory:

Missiles
 a - 2863 arrows
 o - 412 poisoned tomahawks (quivered)
 F - 296 tomahawks of dispersal {=f}
 J - 2 throwing nets {=f}
Armour
 x - a +2 medium shield of reflection
 E - a scarf of clouds (worn)
 K - a +2 buckler (worn)
 U - a +0 hat (worn)
Jewellery
 c - a ring of protection from fire (on tentacle)
 g - a ring of resist corrosion (on tentacle)
 v - a ring of protection from cold (right tentacle)
 y - an uncursed ring of ice
 N - an amulet of magic regeneration (around mantle)
 O - a +1 ring of protection (left tentacle)
Wands
 n - a wand of paralysis (1)
 u - a wand of scattershot (6)
 H - a wand of charming (6)
 I - a wand of clouds (10)
 P - a wand of acid (7)
 Q - a wand of iceblast (10)
 X - a wand of digging (1)
Scrolls
 d - 5 scrolls of magic mapping
 h - 6 scrolls of teleportation
 j - 14 scrolls of remove curse
 k - 3 scrolls of enchant weapon
 m - a scroll of silence
 q - 6 scrolls of enchant armour
 s - 6 scrolls of fear
 w - 6 scrolls of amnesia
 B - 5 scrolls of immolation
 C - 4 scrolls of fog
 L - a scroll of noise
 Z - a scroll of summoning
Potions
 b - 5 potions of cancellation
 f - 9 potions of curing
 l - 5 potions of brilliance
 p - 3 potions of magic
 r - 4 potions of heal wounds
 t - 7 potions of might
 z - 4 potions of mutation
 A - 8 potions of flight
 G - a potion of ambrosia
 R - 3 potions of agility
 T - 3 potions of resistance
 W - 2 potions of invisibility
Miscellaneous
 Y - 2 phantom mirrors
Comestibles
 e - 32 rations {!d}


   Skills:
 + Level 13.7(12.7) Fighting
 + Level 13.9(12.9) Dodging
 - Level 5.0(4.2) Stealth
 + Level 9.5(8.6) Shields
 + Level 14.0(13.0) Unarmed Combat
 - Level 10.0(9.1) Spellcasting
 - Level 3.2(2.4) Conjurations
 - Level 3.0(2.2) Translocations
 - Level 12.2(11.2) Transmutations
 - Level 4.1(3.3) Ice Magic
 - Level 3.0(2.3) Air Magic
 + Level 12.1(11.2) Earth Magic
 - Level 2.1(1.4) Poison Magic
 - Level 7.9(7.1) Invocations
 - Level 4.0(3.2) Evocations


You had 19 spell levels left.
You knew the following spells:

 Your Spells              Type           Power        Failure   Level  Hunger
a - Mephitic Cloud        Conj/Pois/Air  ####....     4%          3    None
b - Blink                 Tloc           N/A          1%          2    None
c - Statue Form           Tmut/Erth      #######..    4%          6    ######.
d - Beastly Appendage     Tmut           ######       1%          1    None
e - Ice Form              Ice/Tmut       ######..     1%          4    ##.....
f - Summon Butterflies    Summ           ###.....     3%          1    None
s - Sticks to Snakes      Tmut           #######.     1%          2    None

Your spell library contained the following spells:

 Spells                   Type           Power        Failure   Level  Hunger
 Apportation              Tloc           #####.       1%          1    None
 Magic Dart               Conj           ####         1%          1    None
 Sandblast                Erth           ######       1%          1    None
 Static Discharge         Air            #####.       1%          1    None
 Passwall                 Tmut/Erth      #######.     1%          2    None
 Shock                    Conj/Air       #####..      1%          2    None
 Spider Form              Tmut/Pois      ###          1%          3    None
 Blade Hands              Tmut           #######...   1%          5    ####...
 Corona                   Hex            ###....      3%          1    None
 Infusion                 Chrm           ###.....     3%          1    None
 Slow                     Hex            ###.....     3%          1    None
 Swiftness                Chrm/Air       ####....     3%          2    None
 Call Imp                 Summ           ###...       4%          2    None
 Conjure Flame            Conj/Fire      ####....     6%          3    None
 Lightning Bolt           Conj/Air       #####...     12%         4    ##.....
 Bolt of Magma            Conj/Fire/Erth ######....   14%         5    ####...
 Freezing Cloud           Ice/Air        #####...     28%         5    ####...
 Iron Shot                Conj/Erth      ######....   30%         6    ######.
 Metabolic Englaciation   Hex/Ice        ####......   43%         5    ####...
 Ozocubu's Refrigeration  Ice            #####.....   78%         6    ######.
 Bolt of Cold             Conj/Ice       #####.....   83%         6    ######.
 Simulacrum               Ice/Necr       ####....     95%         6    ######.
 Shatter                  Erth           #######...   100%        9    #######


Dungeon Overview and Level Annotations

Branches:
Dungeon (12/12)              Lair (6/6) D:9           Swamp (3/3) Lair:4
 Spider (3/3) Lair:2        Slime (0/5) Lair:5          Orc (1/1) D:10
    Elf (0/3) Orc          Vaults (0/3) D:11         Depths (1/5) D:12
 Temple: D:4-7

Altars:
Cheibriados
Dithmenos
Fedhas
Gozag
Lugonu
Okawaru
Qazlal
Ru
Wu Jian
Xom
Yredelemnul
The Shining One
Jiyva

Shops:
D:7 [   D:8 :   D:10 (   Orc =(*}!

Portals:
Pandemonium: Orc

Annotations:
Depths:1 Mara


Innate Abilities, Weirdness & Mutations

You cannot wear most types of armour.
You are very stealthy in the water. (Stealth+)
Your unusual nervous system resists paralysis.
You are amphibious.
You can wear up to eight rings at the same time.
You can use your tentacles to constrict eight enemies at once.
Your skin changes colour to match your surroundings (Stealth+).
((Your rubbery body absorbs attacks. (AC +1, EV +1)))
You have a beak for a mouth.
Your mind is acute. (Int +2)
You occasionally shout uncontrollably at your foes.


Message History

Confirm with . or Enter, or press ? or * to list all spells.
You blink.
The deep troll earth mage shouts!
The slime creature quivers.
The rockslime seems less confused.
Okay, then.
Okay, then.
Casting: Blink (safe; 1% risk of failure)
Confirm with . or Enter, or press ? or * to list all spells.
Okay, then.
The rockslime blinks!
The slime creature blinks!
The deep troll earth mage blinks!
You hear a grinding noise.
Casting: Blink (safe; 1% risk of failure)
Confirm with . or Enter, or press ? or * to list all spells.
You blink.
A stone giant comes into view.
The deep troll earth mage casts a spell at you.
You shatter!!
You die...

.. #####....# .
.##......... ..
.#...#....#
...##.........#
.................#
..................
.................#
..........8.......
...T..............
...§..............
..................
..................
.............$...C
...J...§J.........
..................
###.#.#..#..##..#


You could see a rockslime, a stone giant (wandering), a slime creature and a
deep troll earth mage.

Vanquished Creatures
  2 bone dragons (Swamp:3)
  Nikola (Swamp:1)
  Jorgrun (Spider:2)
  Kirke (Swamp:3)
  3 thorn hunters
  2 ghouls (Swamp:3)
  Donald (Spider:1)
  The ghost of yrara the Severer, an adept DsFi of Gozag (Spider:3)
  2 frost giants
  7 ghost moths
  The ghost of zoran the End of an Era, a journeyman DsAc of Qazlal (Spider:1)
  5 emperor scorpions
  3 stone giants (Depths:1)
  A very ugly thing (Swamp:2)
  A vampire knight (Depths:1)
  2 entropy weavers
  A minotaur (D:11)
  8 spark wasps
  3 mutant beasts (D:11)
  The ghost of einarkeyser the Destroyer, a journeyman DrCj of Vehumet (D:11)
  Josephine (D:12)
  A rakshasa (D:11)
  An ice dragon (Depths:1)
  A fire dragon (Depths:1)
  13 hydras
  Fannar (D:10)
  6 ghost crabs
  A shadow wraith (D:11)
  An ogre mage (D:12)
  A death knight (D:10)
  The ghost of TakeItEasy the Transmogrifier, a journeyman OpTm of Cheibriados (Lair:2)
  Sonja (Lair:4)
  9 alligators
  A great orb of eyes (Depths:1)
  2 catoblepae
  4 two-headed ogres
  A dancing weapon (Spider:3)
  7 orc high priests (Orc)
  3 tengu warriors
  A soul eater (Orc)
  9 centaur warriors
  A spriggan druid (Swamp:1)
  A swamp dragon (Swamp:2)
  An anaconda zombie (Swamp:3)
  A glowing orange brain (Depths:1)
  2 wizards
  A gelid demonspawn (Orc)
  2 spectral hydras
  An orange crystal statue (Spider:1)
  Pikel (D:6)
  3 phantasmal warriors
  A cyclops (D:11)
  The ghost of yrara the Chopper, a novice DsFi (D:6)
  6 orc knights
  27 wolf spiders
  3 wolf spider zombies
  A necromancer (D:12)
  3 deep elf magi (D:12)
  5 orc sorcerers
  2 ugly things
  15 orb spiders
  A manticore (D:9)
  5 oklob plants
  3 moths of wrath
  9 elephants
  10 will-o'-wisps
  A smoke demon (Orc)
  A black mamba (Lair:1)
  31 cane toads
  An orange demon (Orc)
  A gargoyle (D:10)
  An ice statue (IceCv)
  18 jumping spiders
  2 torpor snails (Swamp:2)
  9 demonic crawlers
  A freezing wraith (Swamp:3)
  An efreet (D:8)
  7 komodo dragons
  A rime drake (Lair:6)
  2 eyes of draining
  2 yaktaurs (D:12)
  11 trolls
  A harpy zombie (D:12)
  A queen bee (D:6)
  A red devil (Orc)
  17 polar bears
  7 hornets
  31 blink frogs
  Grinder (D:6)
  5 slime creatures (Swamp:2)
  18 tyrant leeches
  6 bog bodies
  A meliai zombie (D:11)
  12 hippogriffs
  3 harpy skeletons (D:12)
  4 shadows
  A spectral black mamba (Lair:2)
  A spriggan (Swamp:3)
  25 tarantellas
  4 wraiths
  Sigmund (D:2)
  76 yaks
  6 hogs
  3 humans
  3 basilisks
  36 redbacks
  A death yak simulacrum (Lair:2)
  2 neqoxecs (Orc)
  13 swamp worms
  Menkaure (D:6)
  2 hungry ghosts
  15 vampire mosquitoes
  3 acid dragons
  15 crocodiles
  2 hydra simulacra (Lair:2)
  11 porcupines
  12 water moccasins
  7 swamp drakes
  4 ice beasts
  3 sky beasts
  A hornet zombie (D:8)
  25 orc warriors
  3 black bears
  9 boggarts
  6 necrophages
  8 ogres
  8 wolves (IceCv)
  22 bullfrogs
  6 kobold brigands
  A gnoll sergeant (D:6)
  A water moccasin zombie (D:9)
  7 centaurs
  2 scorpions
  7 killer bees (D:6)
  11 wights
  A howler monkey (D:8)
  7 electric eels
  21 orc priests
  5 crimson imps
  A quasit (D:8)
  A bullfrog zombie (D:7)
  A komodo dragon simulacrum (Lair:2)
  8 hounds
  3 jellies
  7 orc wizards
  3 iguanas
  8 worker ants
  3 hound zombies
  4 hound skeletons
  3 mummies (D:9)
  A howler monkey zombie (D:9)
  5 worker ant zombies
  8 adders
  7 gnolls
  3 shadow imps
  7 oozes
  An adder skeleton (D:4)
  3 worms
  6 dart slugs
  2 leopard geckos
  59 orcs
  5 giant cockroaches
  13 goblins
  11 hobgoblins
  4 jackals (D:7)
  4 quokkas
  4 bats
  6 frilled lizards
  36 kobolds
  8 rats
  A fungus (Lair:4)
1051 creatures vanquished.

Vanquished Creatures (collateral kills)
  A hornet (Spider:3)
  Eustachio (D:6)
  Duvessa (D:4)
  A slave (D:6)
  A bullfrog (D:4)
  An adder zombie (D:5)
  2 orcs (D:5)
8 creatures vanquished.

Vanquished Creatures (others)
  A goliath frog (Swamp:2)
  A spriggan druid (Swamp:3)
  A slime creature (Swamp:2)
  A spriggan (Swamp:3)
  3 humans (Swamp:3)
  A swamp worm (Swamp:3)
  A swamp drake (Swamp:3)
  A scorpion (Spider:2)
  A crimson imp (D:12)
  An orc wizard (Orc)
  4 bushes (D:9)
  51 fungi
  118 plants
  10 toadstools (D:5)
  2 withered plants (D:9)
197 creatures vanquished.

Grand Total: 1256 creatures vanquished

Notes
Turn   | Place    | Note
-------+----------+-------------------------------------------
     0 | D:1      | ThisWasInevitable the Octopode Transmuter began the quest
                  | for the Orb.
     0 | D:1      | Reached XP level 1. HP: 13/13 MP: 3/3
   123 | D:1      | Reached XP level 2. HP: 10/18 MP: 5/5
   837 | D:2      | Reached XP level 3. HP: 23/23 MP: 4/6
   843 | D:2      | Learned a level 2 spell: Sticks to Snakes
  1237 | D:2      | Noticed Sigmund
  1242 | D:2      | You fall into a shaft and drop 2 floors!
  1245 | D:4      | Noticed Duvessa
  1248 | D:5      | Entered Level 5 of the Dungeon
  1255 | D:5      | Noticed a water moccasin
  1291 | D:5      | Reached XP level 4. HP: 27/28 MP: 5/7
  1298 | D:5      | Learned a level 4 spell: Ice Form
  1351 | D:4      | Noticed a bullfrog
  1416 | D:5      | Noticed an ice beast
  1438 | D:5      | Killed an ice beast
  1439 | D:5      | Reached skill level 5 in Transmutations
  1439 | D:5      | Reached XP level 5. HP: 30/33 MP: 4/8
  1500 | D:5      | Noticed a yak
  1759 | D:3      | Reached XP level 6. HP: 29/38 MP: 5/9
  2032 | D:3      | Found a snail-covered altar of Cheibriados.
  2032 | D:3      | Found a basalt altar of Yredelemnul.
  2067 | D:3      | Found an iron altar of Okawaru.
  2067 | D:3      | Found a glowing golden altar of the Shining One.
  2067 | D:3      | Found an opulent altar of Gozag.
  2067 | D:3      | Found a shadowy altar of Dithmenos.
  2078 | D:3      | Found a corrupted altar of Lugonu.
  2109 | D:3      | Became a worshipper of Cheibriados the Contemplative
  2139 | D:3      | Found an ornate altar of the Wu Jian Council.
  3075 | D:2      | Killed Sigmund
  3287 | D:2      | Reached XP level 7. HP: 33/43 MP: 8/10
  3288 | D:2      | Reached * piety under Cheibriados
  3886 | D:4      | Reached skill level 1 in Stealth
  3905 | D:4      | Killed Duvessa
  3906 | D:4      | Reached skill level 1 in Invocations
  3911 | D:4      | Reached ** piety under Cheibriados
  4057 | D:4      | Reached XP level 8. HP: 50/50 MP: 11/11
  4780 | D:5      | Reached skill level 4 in Unarmed Combat
  4941 | D:5      | Reached XP level 9. HP: 56/56 MP: 14/14
  5152 | D:5      | Gained mutation: Potions are less effective at restoring
                  | your health. [potion of mutation]
  5152 | D:5      | Gained mutation: Your muscles are strong. (Str +2) [potion
                  | of mutation]
  5153 | D:5      | Lost mutation: Potions are less effective at restoring your
                  | health. [potion of mutation]
  5153 | D:5      | Lost mutation: Your muscles are strong. (Str +2) [potion of
                  | mutation]
  5153 | D:5      | Gained mutation: You occasionally shout uncontrollably at
                  | your foes. [potion of mutation]
  5153 | D:5      | Gained mutation: You have a beak for a mouth. [potion of
                  | mutation]
  5153 | D:5      | Gained mutation: Your mind is acute. (Int +2) [potion of
                  | mutation]
  5168 | D:6      | Reached *** piety under Cheibriados
  5242 | D:6      | Found a transporter.
  5261 | D:6      | Noticed a hornet
  5262 | D:6      | Found a transporter.
  5263 | D:6      | Noticed yrara's ghost (novice DsFi)
  5285 | D:6      | Noticed Eustachio
  5295 | D:6      | Killed Eustachio
  5355 | D:6      | Reached skill level 5 in Stealth
  5486 | D:6      | Noticed Grinder
  5500 | D:6      | Noticed Pikel
  5501 | D:6      | Killed Grinder
  5513 | D:6      | Killed Pikel
  5514 | D:6      | Reached skill level 5 in Unarmed Combat
  5593 | D:6      | Found a blossoming altar of Fedhas.
  5797 | D:6      | Noticed a queen bee
  5940 | D:6      | Reached XP level 10. HP: 60/65 MP: 16/16
  6003 | D:6      | Found a stormy altar of Qazlal.
  6112 | D:6      | Noticed Menkaure
  6121 | D:6      | Killed Menkaure
  6122 | D:6      | Reached skill level 5 in Dodging
  6692 | D:7      | Reached **** piety under Cheibriados
  6701 | D:7      | Reached skill level 5 in Spellcasting
  6707 | D:7      | Reached skill level 5 in Fighting
  7015 | D:7      | Found Ycepes's Antique Armour Boutique.
  7186 | D:8      | Reached skill level 6 in Unarmed Combat
  7659 | D:9      | Found a flagged portal.
  7665 | D:9      | HP: 3/79 [poisoned by a goblin]
  7668 | Bailey   | Entered a bailey
  7671 | Bailey   | HP: 3/79 [poisoned by a goblin]
  7845 | Bailey   | Noticed an orc knight
  7976 | Bailey   | Reached ***** piety under Cheibriados
  8474 | Bailey   | Killed an orc knight
  8749 | D:9      | Found a sacrificial altar of Ru.
  8835 | D:9      | Found a staircase to the Lair.
  8853 | D:10     | Entered Level 10 of the Dungeon
  8989 | D:10     | Noticed a gargoyle
  9003 | D:10     | Killed a gargoyle
  9004 | D:10     | Reached skill level 1 in Evocations
  9004 | D:10     | Reached XP level 11. HP: 48/71 MP: 17/19
  9007 | D:10     | Noticed Fannar
  9033 | D:10     | Killed Fannar
  9034 | D:10     | Reached skill level 7 in Unarmed Combat
  9277 | D:10     | Noticed a seven-headed hydra
  9281 | D:10     | Noticed a brown ugly thing
  9287 | D:10     | Killed a seven-headed hydra
  9298 | D:10     | Killed a brown ugly thing
  9475 | D:10     | Found a basalt altar of Yredelemnul.
  9712 | D:10     | Noticed a centaur warrior
  9717 | D:10     | Killed a centaur warrior
  9780 | D:10     | Found Neuckij's Weapon Shoppe.
  9788 | D:10     | Noticed a death knight
 10183 | D:8      | Reached ****** piety under Cheibriados
 10510 | D:8      | Found Imes's Book Shoppe.
 10518 | D:8      | Bought a book of the Earth for 845 gold pieces
 10536 | D:8      | Learned a level 6 spell: Statue Form
 11164 | D:9      | Reached skill level 1 in Earth Magic
 11164 | D:9      | Reached XP level 12. HP: 81/81 MP: 22/22
 11418 | D:9      | Reached skill level 8 in Unarmed Combat
 12038 | D:6      | Reached skill level 10 in Transmutations
 12048 | D:6      | Killed yrara's ghost
 12066 | D:6      | Got a polished war axe
 12164 | Lair:1   | Entered Level 1 of the Lair of Beasts
 12468 | Lair:1   | Noticed a seven-headed hydra
 12476 | Lair:1   | Killed a seven-headed hydra
 13536 | Lair:2   | Found a hole to the Spider Nest.
 13693 | Lair:2   | Reached XP level 13. HP: 88/88 MP: 24/24
 13929 | Lair:2   | Found a runed translucent gate.
 13929 | Lair:2   | Found a runed translucent gate.
 13929 | Lair:2   | Found a runed translucent gate.
 13935 | Lair:2   | Noticed TakeItEasy's ghost (journeyman OpTm)
 14372 | Lair:3   | Reached skill level 9 in Unarmed Combat
 14474 | Lair:3   | Reached skill level 5 in Invocations
 14991 | Lair:4   | Noticed Sonja
 15004 | Lair:4   | Killed Sonja
 15005 | Lair:4   | Reached skill level 5 in Earth Magic
 15326 | Lair:4   | Found a staircase to the Swamp.
 15473 | D:8      | Bought a book of Minor Magic for 260 gold pieces
 15477 | D:8      | Learned a level 3 spell: Mephitic Cloud
 15485 | D:8      | Learned a level 2 spell: Blink
 15487 | D:8      | Learned a level 1 spell: Summon Butterflies
 15917 | Lair:5   | Found a staircase to the Slime Pits.
 15918 | Lair:5   | Found a viscous altar of Jiyva.
 16315 | Lair:5   | Found a shimmering altar of Xom.
 16520 | Lair:6   | Entered Level 6 of the Lair of Beasts
 16572 | Lair:6   | Reached XP level 14. HP: 97/97 MP: 26/26
 16678 | Lair:6   | Reached skill level 1 in Conjurations
 16678 | Lair:6   | Reached skill level 1 in Translocations
 16678 | Lair:6   | Reached skill level 1 in Air Magic
 16944 | Lair:6   | Reached skill level 10 in Unarmed Combat
 17454 | Lair:6   | Reached skill level 1 in Poison Magic
 17566 | Lair:6   | Reached skill level 10 in Dodging
 18028 | D:10     | Found a staircase to the Orcish Mines.
 18576 | Orc      | Entered the Orcish Mines
 18664 | Orc      | Found a staircase to the Elven Halls.
 18816 | Orc      | Reached XP level 15. HP: 103/103 MP: 25/28
 18947 | Orc      | Found Oxkogikk's Distillery.
 18955 | Orc      | Found Opruw's General Store.
 19105 | Orc      | Found Sazxedy's Jewellery Shop.
 19315 | Orc      | Bought a scroll of fear for 65 gold pieces
 19315 | Orc      | Bought a potion of might for 52 gold pieces
 19317 | Orc      | Bought a potion of heal wounds for 80 gold pieces
 19317 | Orc      | Bought a potion of degeneration for 16 gold pieces
 19337 | Orc      | Reached skill level 10 in Fighting
 19525 | Orc      | Found Vungum's Gadget Emporium.
 19525 | Orc      | Found Lesaxein's Antique Weapon Shoppe.
 19525 | Orc      | Found a one-way gate leading to the halls of Pandemonium.
 19926 | D:11     | Found a shadowy altar of Dithmenos.
 20056 | D:11     | Found a frozen archway.
 20068 | IceCv    | Entered an ice cave
 20236 | IceCv    | Noticed a frost giant
 20256 | IceCv    | Killed a frost giant
 20801 | D:11     | Found a runed translucent door.
 20801 | D:11     | Found a gate to the Vaults.
 20829 | D:11     | Reached skill level 10 in Spellcasting
 20881 | D:11     | Noticed einarkeyser's ghost (journeyman DrCj)
 20891 | D:11     | Found a runed translucent gate.
 20891 | D:11     | Found a runed translucent gate.
 20891 | D:11     | Found a runed translucent gate.
 20918 | D:11     | Reached skill level 11 in Unarmed Combat
 21332 | D:11     | Killed einarkeyser's ghost
 21333 | D:11     | Reached skill level 1 in Shields
 21404 | D:12     | Entered Level 12 of the Dungeon
 21510 | D:12     | Reached XP level 16. HP: 111/111 MP: 30/30
 21713 | D:12     | Noticed Josephine
 21720 | D:12     | Killed Josephine
 21903 | D:12     | Found a staircase to the Depths.
 22373 | Spider:1 | Entered Level 1 of the Spider Nest
 22744 | Spider:1 | Noticed Donald
 22751 | Spider:1 | Killed Donald
 22803 | Spider:1 | Found a runed translucent door.
 22804 | Spider:1 | Noticed zoran's ghost (journeyman DsAc)
 23314 | Spider:1 | Killed zoran's ghost
 23400 | Spider:2 | Noticed Jorgrun
 23524 | Spider:2 | Got a crude copper amulet
 23816 | Spider:2 | Killed Jorgrun
 23817 | Spider:2 | Reached skill level 12 in Unarmed Combat
 23825 | Spider:2 | Reached skill level 5 in Shields
 24150 | Spider:2 | Reached XP level 17. HP: 119/119 MP: 31/31
 24630 | Spider:2 | Identified the cursed amulet "Ovafefargh" {Inacc Int+3}
                  | (You found it on level 2 of the Spider Nest)
 24728 | Spider:3 | Entered Level 3 of the Spider Nest
 24731 | Spider:3 | Reached skill level 10 in Earth Magic
 25319 | Spider:3 | Found a runed translucent door.
 25320 | Spider:3 | Found a shimmering altar of Xom.
 25320 | Spider:3 | Noticed yrara's ghost (adept DsFi)
 25393 | Spider:3 | Killed yrara's ghost
 25537 | Spider:3 | Identified a scroll of acquirement
 25547 | Spider:3 | Identified the +7 demon trident of Midnight {drain, rN+ MR-
                  | Str+4} (You acquired it on level 3 of the Spider Nest)
 25547 | Spider:3 | Identified the +0 hat of Rareohek {rElec Dex+2} (You
                  | acquired it on level 3 of the Spider Nest)
 25547 | Spider:3 | Identified the ring of Hiysmuces {Fire Slay+3} (You
                  | acquired it on level 3 of the Spider Nest)
 25547 | Spider:3 | Identified Atzoareu's Witchcraft, and How To Use It (You
                  | acquired it on level 3 of the Spider Nest)
 26041 | Spider:3 | Got a gossamer rune of Zot
 26338 | Orc      | Bought an uncursed ring of protection from cold for 350
                  | gold pieces
 26338 | Orc      | Bought an uncursed ring of resist corrosion for 350 gold
                  | pieces
 26616 | Lair:2   | Killed TakeItEasy's ghost
 26728 | Lair:4   | Reached skill level 13 in Unarmed Combat
 26953 | Swamp:1  | Entered Level 1 of the Swamp
 26983 | Swamp:1  | Reached XP level 18. HP: 48/127 MP: 32/32
 27443 | Swamp:1  | Noticed Nikola
 27448 | Swamp:1  | Killed Nikola
 28944 | Swamp:3  | Entered Level 3 of the Swamp
 29053 | Swamp:3  | Noticed Kirke
 29061 | Swamp:3  | Killed Kirke
 29113 | Swamp:3  | Noticed a bone dragon
 29127 | Swamp:3  | Killed a bone dragon
 29188 | Swamp:3  | Noticed a bone dragon
 29200 | Swamp:3  | Killed a bone dragon
 29270 | Swamp:3  | HP: 5/167 [something (8)]
 29696 | Depths:1 | Entered Level 1 of the Depths
 29740 | Depths:1 | Reached XP level 19. HP: 100/135 MP: 33/33
 29747 | Depths:1 | Noticed Mara
 29755 | Depths:1 | Reached skill level 14 in Unarmed Combat
 29755 | Depths:1 | Noticed ThisWasInevitable's illusion
 29778 | Depths:1 | Noticed a rockslime
 29788 | Depths:1 | Killed from afar by a deep troll earth mage

Skill      XL: |  1  2  3  4  5  6  7  8  9 10 11 12 13 14 15 16 17 18 19 |
---------------+----------------------------------------------------------+-----
Transmutations | 3 4 5 6 7 8 9 10 11 12 | 12.2
Ice Magic      | 2 3 4 |  4.1
Stealth        | 2 4 5 |  5.0
Invocations    | 1 3 4 6 7 |  7.9
Fighting       | 3 4 6 7 8 9 10 11 12 13 | 13.7
Dodging        | 3 4 6 7 8 9 10 11 12 13 | 13.9
Spellcasting   | 3 4 5 6 7 8 9 10 | 10.0
Unarmed Combat | 4 5 6 7 8 9 10 11 12 13 14 | 14.0
Evocations     | 1 4 |  4.0
Earth Magic    | 1 4 5 6 8 9 10 12 | 12.1
Conjurations   | 3 |  3.2
Translocations | 3 |  3.0
Air Magic      | 3 |  3.0
Poison Magic   | 2 |  2.1
Shields        | 1 5 7 9 |  9.5

Action                   |  1- 3 |  4- 6 |  7- 9 | 10-12 | 13-15 | 16-18 | 19-21 || total
-------------------------+-------+-------+-------+-------+-------+-------+-------++-------
Melee: Unarmed           |    73 |   107 |   219 |   541 |   688 |   787 |    21 ||  2436
       Constrict         |    19 |    30 |     5 |    37 |   115 |   134 |     6 ||   346
       Tentacles         |    16 |    17 |     4 |    46 |   201 |   243 |     5 ||   532
       Kick              |    10 |     8 |     5 |       |       |       |       ||    23
       Punch             |       |     5 |       |    12 |    87 |   129 |     2 ||   235
       Peck              |       |       |       |    48 |   249 |   265 |     9 ||   571
Throw: Javelin           |     3 |       |       |    74 |       |       |       ||    77
       Tomahawk          |       |       |       |    24 |    35 |    77 |       ||   136
 Cast: Beastly Appendage |     9 |     7 |     1 |     2 |       |       |       ||    19
       Ice Form          |       |     1 |     5 |     6 |       |       |       ||    12
       Sticks to Snakes  |       |     1 |     9 |    11 |     2 |    15 |     1 ||    39
       Statue Form       |       |       |       |     1 |       |     1 |       ||     2
       Mephitic Cloud    |       |       |       |       |    10 |    53 |     6 ||    69
       Blink             |       |       |       |       |     1 |     4 |     4 ||     9
       Summon Butterflie |       |       |       |       |       |     1 |       ||     1
Invok: Step From Time    |       |       |       |       |       |     1 |       ||     1
       Bend Time         |       |       |       |       |       |     1 |       ||     1
       Temporal Distorti |       |       |       |       |       |       |     2 ||     2
       Defer             |       |       |       |       |       |       |     1 ||     1
 Abil: End Transformatio |       |       |       |     4 |       |       |       ||     4
Evoke: Wand              |       |       |       |     3 |     1 |     3 |       ||     7
  Use: Potion            |       |     1 |     2 |       |       |     4 |     3 ||    10
       Scroll            |       |       |     8 |    10 |     3 |    19 |     1 ||    41
 Stab: Sleeping          |     6 |     6 |     2 |     9 |    17 |     7 |       ||    47
       Distracted        |       |       |       |     4 |     5 |     8 |     1 ||    18
       Paralysed         |       |       |       |     2 |       |       |       ||     2
       Confused          |       |       |       |       |     8 |    18 |       ||    26
  Eat: Chunk             |     3 |     9 |    14 |    34 |    40 |    39 |       ||   139
       Ration            |       |       |       |     2 |     1 |     3 |       ||     6
Armor: Skin              |     7 |    16 |    92 |   205 |   317 |   527 |    10 ||  1174
Dodge: Dodged            |    41 |    50 |   129 |   643 |  1228 |  1610 |    29 ||  3730
Block: Buckler           |       |       |       |       |       |   629 |    19 ||   648
